 Dungeon Crawl Stone Soup version 0.19-a0-1686-g35356ef (webtiles) character file.

9240 holy777 the Blocker (level 11, -1/64 HPs)
             Began as a Gargoyle Fighter on Sept 25, 2016.
             Was a Priest of Qazlal.
             Killed by nerve-wracking pain
             ... invoked by a hell knight
              (2 damage)
             ... on level 10 of the Dungeon.
             The game lasted 00:47:21 (10145 turns).

holy777 the Blocker (Gargoyle Fighter)             Turns: 10145, Time: 00:47:21

Health: -1/64      AC: 24    Str: 26    XL:     11   Next: 43%
Magic:  1/11       EV:  7    Int: 10    God:    Qazlal [***...]
Gold:   367        SH: 17    Dex:  9    Spells: 0 memorised, 10 levels left

rFire  . . .     SeeInvis .     C - +1 long sword "Qymumuz" {freeze, rN+ Str+4}
rCold  . . .     Gourm    .     k - +0 plate armour
rNeg   + + .     Faith    .     c - +0 shield
rPois  ∞         Spirit   .     (no helmet)
rElec  +         Dismiss  .     (no cloak)
rCorr  .         Reflect  .     w - +1 pair of gloves
MR     .....     Harm     +     (no boots)
Stlth  ..........               e - amulet of harm
                                (no ring)
                                q - ring of poison resistance

@: no status effects
A: negative energy resistance 1, electricity resistance, unbreathing,
petrification resistance, rot immunity, AC +7
a: Upheaval, Elemental Force, Renounce Religion


You were on level 10 of the Dungeon.
You worshipped Qazlal.
Qazlal was most pleased with you.
You were hungry.

You visited 1 branch of the dungeon, and saw 10 of its levels.
You visited the Abyss 1 time.

You collected 462 gold pieces.
You spent 95 gold pieces at shops.

Inventory:

Hand Weapons
 C - the +1 long sword "Qymumuz" (weapon) {freeze, rN+ Str+4}
   (You found it on level 6 of the Dungeon)

   It has been specially enchanted to freeze those struck by it, causing extra
   injury to most foes and up to half again as much damage against particularly
   susceptible opponents.
   It can also slow down cold-blooded creatures.
   It affects your strength (+4).
   It protects you from negative energy.
 M - a +0 blowgun
Missiles
 j - 6 needles of paralysis
 n - a throwing net
 p - 2 tomahawks (quivered)
 G - 3 javelins
Armour
 c - a +0 shield (worn)
 k - a +0 plate armour (worn)
 w - a +1 pair of gloves (worn)
Jewellery
 e - an amulet of harm (around neck)
 q - a ring of poison resistance (left hand)
Wands
 y - a wand of acid (5/15)
 E - a wand of digging (11/24)
 K - a wand of flame (25/48)
Scrolls
 b - 2 scrolls of immolation {unknown}
 d - 4 scrolls of teleportation {unknown}
 h - 4 scrolls of magic mapping {unknown}
 i - 7 scrolls of remove curse
 l - a scroll of amnesia {unknown}
 s - 2 scrolls of fog {unknown}
 t - 2 scrolls of enchant armour
 u - a scroll of summoning {unknown}
 L - 2 scrolls of identify
Potions
 a - 2 potions of cure mutation
 o - a potion of degeneration {unknown}
 v - 2 potions of agility {unknown}
 z - a potion of mutation {unknown}
 B - a potion of berserk rage {unknown}
 N - a potion of flight {unknown}
Books
 x - a book of Geomancy

   Spells                             Type                      Level
   a - Sandblast                      Earth                        1
   b - Passwall                       Transmutation/Earth          2
   c - Stone Arrow                    Conjuration/Earth            3
   d - Petrify                        Transmutation/Earth          4
   e - Lee's Rapid Deconstruction     Earth                        5
 A - a Fen Folio

   Spells                             Type                      Level
   a - Corpse Rot                     Necromancy                   2
   b - Stone Arrow                    Conjuration/Earth            3
   c - Leda's Liquefaction            Hexes/Earth                  4
   d - Summon Forest                  Summoning/Translocation      5
   e - Hydra Form                     Transmutation                6
   f - Summon Hydra                   Summoning                    7
 F - a book of Summonings

   Spells                             Type                      Level
   a - Recall                         Summoning/Translocation      3
   b - Aura of Abjuration             Summoning                    5
   c - Summon Demon                   Summoning                    5
   d - Summon Forest                  Summoning/Translocation      5
   e - Summon Mana Viper              Hexes/Summoning              5
   f - Shadow Creatures               Summoning                    6
Comestibles
 f - 8 bread rations
 g - 8 meat rations
 H - 2 beef jerkies
 I - 6 slices of pizza
 J - a fruit


   Skills:
 + Level 6.2 Fighting
 + Level 8.0 Long Blades
   Level 3.6 Maces & Flails
 + Level 3.9 Throwing
 * Level 9.1 Armour
 + Level 1.0 Stealth
 * Level 12.0 Shields


You had 10 spell levels left.
You didn't know any spells.

Dungeon Overview and Level Annotations

Branches:
Dungeon (10/15)            Temple (0/1) D:5            Lair (0/6) D:8
    Orc: D:9-12

Altars:
Dithmenos
Qazlal
Ru
Xom
Zin

Shops:
D:8 *%(*

Annotations:
D:10 Sonja


Innate Abilities, Weirdness & Mutations

You are resistant to torment.
Your stone body is resilient. (AC +7)
You are immune to poison.
You resist negative energy. (rN+)
You are resistant to electric shocks. (rElec)
You can survive without breathing.
You are immune to petrification.
You are immune to rotting.


Message History

Press: ? - help, Dir - move target cursor, f - hell knight, p - Sonja
Aim: a hell knight, wielding a great mace of draining and wearing a plate armour (fast)
A storm cloud blasts the area with cutting wind!
The cutting wind hits the hell knight.
The hell knight is moderately wounded.
The hell knight mumbles some strange words.
Okay, then.
The hell knight hits you with a great mace of draining!
* * * LOW HITPOINT WARNING * * *
You are feeling hungry.
The hell knight gestures at you while chanting.
You block the puff of flame.
The hell knight mumbles some strange words.
Okay, then.
The hell knight points at you and mumbles some strange words.
Pain shoots through your body!
* * * LOW HITPOINT WARNING * * *
The hell knight points at you and mumbles some strange words.
Pain shoots through your body!
You die...

#.....#......#..#......#..#
#.....#......#..#......##.#
.......#......#..#.......#.#
.....###......#..#.......#.#
#...#........#..#....####.#
#...#........'..######....#
#...#........#.............
###
'##...##########.............
...
........Kp..@[...............
...
........######...............
... ........#
#............... ...
........# #...............
.## #######.#
#............... .# #.#
#............... .# #.#
#..........(.... .# +.#
#.....#########.
.##########.# #.....# #.


You could see a hell knight and Sonja.

Vanquished Creatures
  Joseph (D:8)
  A troll (D:10)
  Grinder (D:5)
  A hippogriff (D:9)
  A human (D:7)
  22 yaks
  3 hogs (D:7)
  A basilisk (D:8)
  A mottled dragon (D:8)
  2 water moccasins
  2 porcupines
  An orc warrior (D:9)
  2 sky beasts
  A black bear (D:8)
  An eye of draining (D:10)
  2 ice beasts (D:5)
  2 necrophages
  8 ogres
  3 centaurs
  3 crocodiles
  4 bullfrogs
  A scorpion (D:10)
  8 wights (D:10)
  3 howler monkeys
  2 crimson imps (D:10)
  A centaur zombie (D:10)
  A jelly (D:9)
  Crazy Yiuf (D:7)
  7 hounds
  3 orc priests
  A bullfrog skeleton (D:4)
  2 iguanas
  6 orc wizards
  7 worker ants
  A hound zombie (D:8)
  2 hound skeletons
  A worker ant zombie (D:5)
  4 gnolls (D:7)
  A howler monkey skeleton (D:9)
  3 river rats
  17 adders
  A shadow imp (D:7)
  3 oozes
  2 adder skeletons
  3 dart slugs
  5 worms
  2 leopard geckos (D:4)
  24 orcs
  A ball python (D:2)
  8 giant cockroaches
  3 goblins
  6 hobgoblins
  10 jackals
  2 quokkas
  A ball python skeleton (D:4)
  7 bats
  5 frilled lizards
  9 kobolds
  A leopard gecko skeleton (D:6)
  9 rats
237 creatures vanquished.

Vanquished Creatures (others)
  A bush (D:8)
  4 plants (D:8)
5 creatures vanquished.

Grand Total: 242 creatures vanquished

Notes
Turn   | Place    | Note
-------+----------+-------------------------------------------
     0 | D:1      | holy777 the Gargoyle Fighter began the quest for the Orb.
     0 | D:1      | Reached XP level 1. HP: 14/14 MP: 1/1
   184 | D:1      | Reached XP level 2. HP: 19/19 MP: 2/2
   715 | D:2      | Reached XP level 3. HP: 16/23 MP: 3/3
   780 | D:2      | Reached skill level 4 in Shields
  1007 | D:2      | Reached XP level 4. HP: 22/28 MP: 4/4
  1768 | D:2      | Reached XP level 5. HP: 33/33 MP: 5/5
  2168 | D:3      | Found a stormy altar of Qazlal.
  2176 | D:3      | Became a worshipper of Qazlal Stormbringer
  2304 | D:4      | Noticed an ogre
  2334 | D:4      | Killed an ogre
  2334 | D:4      | Reached skill level 5 in Shields
  2334 | D:4      | Reached XP level 6. HP: 19/38 MP: 6/6
  2521 | D:4      | Reached skill level 1 in Long Blades
  2648 | D:4      | Found a shimmering altar of Xom.
  2648 | D:4      | Found a shimmering altar of Xom.
  2649 | D:4      | Found a shimmering altar of Xom.
  2649 | D:4      | Found a shimmering altar of Xom.
  2649 | D:4      | Found a shimmering altar of Xom.
  2650 | D:4      | Found a shimmering altar of Xom.
  2655 | D:4      | You fall through a shaft for 3 floors!
  3185 | D:5      | Entered Level 5 of the Dungeon
  3207 | D:5      | Noticed Grinder
  3230 | D:5      | Paralysed by Grinder for 6 turns
  3252 | D:5      | Paralysed by Grinder for 5 turns
  3260 | D:5      | Killed Grinder
  3260 | D:5      | Reached XP level 7. HP: 16/44 MP: 7/7
  3385 | D:5      | Found a staircase to the Ecumenical Temple.
  3438 | D:5      | Reached skill level 5 in Armour
  3559 | D:5      | Reached skill level 6 in Shields
  3939 | D:5      | Reached * piety under Qazlal
  3939 | D:5      | Reached XP level 8. HP: 34/48 MP: 8/8
  4105 | D:5      | Reached skill level 1 in Throwing
  4273 | D:4      | Found a sacrificial altar of Ru.
  5033 | D:6      | Got a shimmering long sword
  5034 | D:6      | Identified the +1 long sword "Qymumuz" {freeze, rN+ Str+4} (You found it on level 6 of the Dungeon)
  5047 | D:6      | Reached skill level 5 in Fighting
  5047 | D:6      | Reached skill level 7 in Shields
  5279 | D:6      | Found a sacrificial altar of Ru.
  5495 | D:7      | Found a runed door.
  5499 | D:7      | Noticed Crazy Yiuf
  5503 | D:7      | Killed Crazy Yiuf
  5595 | D:7      | Reached XP level 9. HP: 51/54 MP: 9/9
  5740 | D:7      | Reached skill level 5 in Long Blades
  5748 | D:7      | Reached skill level 8 in Shields
  5877 | D:7      | Found a shimmering altar of Xom.
  5877 | D:7      | Found a shadowy altar of Dithmenos.
  5878 | D:7      | Found a glowing silver altar of Zin.
  6514 | D:8      | Found Wioj's General Store.
  6532 | D:7      | Reached skill level 9 in Shields
  6748 | D:8      | Bought a scroll of identify for 20 gold pieces
  6748 | D:8      | Bought a scroll of blinking for 75 gold pieces
  6909 | D:7      | Reached ** piety under Qazlal
  7042 | D:7      | Reached XP level 10. HP: 54/59 MP: 10/10
  7064 | D:7      | Reached skill level 10 in Shields
  7465 | D:8      | Found Ybuavvou's Food Shoppe.
  7480 | D:8      | Found Gorashryboi's Weapon Emporium.
  7538 | D:8      | Noticed Joseph
  7551 | D:8      | Killed Joseph
  7677 | D:8      | Found Obityruy's Assorted Antiques.
  7754 | D:8      | Found a staircase to the Lair.
  8773 | D:9      | Reached skill level 1 in Stealth
  8789 | D:9      | Reached *** piety under Qazlal
  8801 | D:9      | Reached skill level 11 in Shields
  8801 | D:9      | Reached XP level 11. HP: 64/64 MP: 11/11
  9035 | D:10     | Entered Level 10 of the Dungeon
  9295 | D:10     | Noticed Sonja
  9506 | D:10     | Reached **** piety under Qazlal
  9724 | D:10     | HP: 2/64 [Sonja/uncursed short sword of distortion (26)]
  9907 | D:10     | Reached skill level 12 in Shields
 10077 | D:10     | Cast into level 2 of the Abyss (Sonja)
 10097 | Abyss:2  | Noticed a hell knight
 10100 | Abyss:2  | Noticed a necromancer
 10101 | Abyss:2  | Noticed a necromancer
 10107 | Abyss:2  | Noticed a hell knight
 10108 | Abyss:2  | Noticed a hell knight
 10109 | Abyss:2  | Noticed a hell knight
 10111 | Abyss:2  | Noticed a hell knight
 10113 | D:10     | Escaped the Abyss
 10140 | D:10     | HP: 2/64 [hell knight/great mace of draining (14)]
 10145 | D:10     | Killed from afar by a hell knight

Vault maps used:
D:1:      scummos_arrival_star
D:2:      first_bread, kennysheep_doodads, feat_on_display
D:3:      nicolae_qazlal_eye_of_the_storm
D:4:      overflow_temple_1_default, xom_redecorated
D:5:      uniq_grinder
D:6:      minmay_crystal_room, solitary_fountain,
          nicolae_ru_the_path_less_chosen
D:7:      gammafunk_temple_overflow_forgotten, grunt_livestock,
          uniq_crazy_yiuf_cottage
D:8:      minmay_lair_entry_grove, serial_shops,
          nicolae_shop_competitors_out_of_business, shop,
          nicolae_shop_statue_plus, nicolae_shop_statue_plus, uniq_joseph
D:10:     uniq_sonja

Skill      XL: |  1  2  3  4  5  6  7  8  9 10 11 |
---------------+----------------------------------+-----
Shields        | 4 5 6 7 9 11 12 | 12.0
Armour         | 4 5 6 7 8 9 |  9.1
Maces & Flails | 3 |  3.6
Long Blades    | 2 3 4 6 7 8 |  8.0
Fighting       | 4 5 6 |  6.2
Throwing       | 1 3 |  3.9
Stealth        | 1 |  1.0

Action                   |  1- 3 |  4- 6 |  7- 9 | 10-12 || total
-------------------------+-------+-------+-------+-------++-------
Melee: Flail             |   159 |   165 |       |       ||   324
       Falchion          |       |    93 |   160 |       ||   253
       Long sword        |       |       |   180 |   372 ||   552
Throw: Stone             |       |    78 |    49 |    55 ||   182
       Tomahawk          |       |       |       |    53 ||    53
       Javelin           |       |       |       |    22 ||    22
       Throwing net      |       |       |       |     6 ||     6
Invok: Upheaval          |       |       |       |     2 ||     2
       Elemental Force   |       |       |       |     1 ||     1
  Use: Scroll            |     1 |     6 |     3 |     6 ||    16
       Potion            |       |     3 |       |     5 ||     8
  Eat: Chunk             |     1 |     3 |     4 |     6 ||    14
       Bread ration      |       |     1 |       |       ||     1
       Pizza             |       |       |     3 |     2 ||     5
       Beef jerky        |       |       |     3 |       ||     3
       Fruit             |       |       |       |     1 ||     1
Armor: Scale mail        |    12 |       |       |       ||    12
       Plate armour      |    69 |   200 |   172 |   163 ||   604
       Skin              |     1 |       |       |       ||     1
Dodge: Dodged            |    31 |    38 |    57 |    49 ||   175
Block: Shield            |    63 |   138 |   215 |   304 ||   720
